| TOP OF THE 1ST |
|
Salt Lake Bees batting - Pitching for Rochester Red Wings : RHP Alfonso Alvarado
|
|
Pitching: RHP Alfonso Alvarado
|
|
|
Batting: SHB Butch Brown
|
0-0: Called Strike 0-1: Called Strike 0-2: Ball 1-2: Strikes out looking
|
|
Batting: RHB Melvin Gomez
|
0-0: Foul Ball, location: 2F 0-1: Ball 1-1: Ball 2-1: Ball 3-1: Ground out 6-3 (Groundball, 6, EV 107.5 MPH)
|
|
Batting: LHB Rusty Ney
|
0-0: Swinging Strike 0-1: Ball 1-1: Called Strike 1-2: Strikes out swinging
|
| Top of the 1st over - 0 runs, 0 hits, 0 errors, 0 left on base; Salt Lake 0 - Rochester 0 |
| BOTTOM OF THE 1ST |
|
Rochester Red Wings batting - Pitching for Salt Lake Bees : RHP Allen Weaver
|
|
Pitching: RHP Allen Weaver
|
|
|
Batting: RHB Alex Sandoval
|
0-0: Ball 1-0: Swinging Strike 1-1: Ball 2-1: Swinging Strike 2-2: Foul Ball, location: 2F 2-2: Ball 3-2: Strikes out swinging
|
|
Batting: RHB Väinö Tapaninen
|
0-0: Ball 1-0: Foul Ball, location: 2F 1-1: Foul Ball, location: 2F 1-2: Foul Ball, location: 2F 1-2: Foul Ball, location: 2F 1-2: Ball 2-2: Strikes out swinging
|
|
Batting: RHB Jimmy Buzard
|
0-0: Reached on error, E6 (Groundball, 6, EV 98.1 MPH)
|
|
Batting: LHB Yat-sen Zhu
|
0-0: DOUBLE (Line Drive, 7LM, EV 110.0 MPH) Jimmy Buzard to third Runner from 3rd tries for Home, SAFE, throw by LF to home
|
|
Batting: RHB Yonetoshi Muranaka
|
0-0: Ball 1-0: Called Strike 1-1: Ball Wild Pitch! Yat-sen Zhu to third 2-1: Foul Ball, location: 2F 2-2: Ground out 5-3 (Groundball, 56, EV 85.0 MPH)
|
| Bottom of the 1st over - 1 run, 1 hit, 1 error, 1 left on base; Salt Lake 0 - Rochester 1 |
| TOP OF THE 2ND |
|
Salt Lake Bees batting - Pitching for Rochester Red Wings : RHP Alfonso Alvarado
|
|
Batting: RHB Andres Mendiola
|
0-0: Ball 1-0: Fly out, F7 (Flyball, 7S, EV 86.2 MPH)
|
|
Batting: LHB Micah Miller
|
0-0: Ball 1-0: Ground out 4-3 (Groundball, 34, EV 105.0 MPH)
|
|
Batting: RHB Justin Lauderdale
|
0-0: Ball 1-0: Swinging Strike 1-1: Ground out 3-1 (Groundball, 34S, EV 84.4 MPH)
|
| Top of the 2nd over - 0 runs, 0 hits, 0 errors, 0 left on base; Salt Lake 0 - Rochester 1 |
| BOTTOM OF THE 2ND |
|
Rochester Red Wings batting - Pitching for Salt Lake Bees : RHP Allen Weaver
|
|
Batting: RHB Josh Zoglmann
|
0-0: Swinging Strike 0-1: Foul Ball, location: 2F 0-2: Strikes out swinging
|
|
Batting: RHB Aaron Trotman
|
0-0: Ball 1-0: Called Strike 1-1: Ball 2-1: SINGLE (Groundball, 56D, EV 100.6 MPH)
|
|
Batting: RHB Adam Noyes
|
0-0: Ball 1-0: SINGLE (Groundball, 6MD, EV 96.2 MPH) Aaron Trotman to second
|
|
Batting: RHB Bobby Blanchard
|
0-0: Swinging Strike 0-1: Swinging Strike 0-2: Ball 1-2: Ball 2-2: Strikes out swinging
|
|
Batting: RHB Alex Sandoval
|
0-0: Swinging Strike 0-1: Foul Ball, location: 2F 0-2: Ball 1-2: Fielders Choice at 2nd, 5-4 (Groundball, 56, EV 85.6 MPH)
|
| Bottom of the 2nd over - 0 runs, 2 hits, 0 errors, 2 left on base; Salt Lake 0 - Rochester 1 |
| TOP OF THE 3RD |
|
Salt Lake Bees batting - Pitching for Rochester Red Wings : RHP Alfonso Alvarado
|
|
Batting: RHB Jonathan Ellis
|
0-0: Ground out U3 (Groundball, 3, EV 99.4 MPH)
|
|
Batting: RHB Jose Pineda
|
0-0: Called Strike 0-1: Called Strike 0-2: Strikes out swinging
|
|
Batting: LHB Edgar van der Meeren
|
0-0: Ball 1-0: Called Strike 1-1: Fly out, F8 (Flyball, 8LXD, EV 102.5 MPH)
|
| Top of the 3rd over - 0 runs, 0 hits, 0 errors, 0 left on base; Salt Lake 0 - Rochester 1 |
| BOTTOM OF THE 3RD |
|
Rochester Red Wings batting - Pitching for Salt Lake Bees : RHP Allen Weaver
|
|
Batting: RHB Väinö Tapaninen
|
0-0: Ground out 5-3 (Groundball, 5, EV 80.0 MPH)
|
|
Batting: RHB Jimmy Buzard
|
0-0: Ball 1-0: Ball 2-0: Ball 3-0: Called Strike 3-1: Base on Balls
|
|
Batting: LHB Yat-sen Zhu
|
0-0: Ball 1-0: Ball 2-0: Swinging Strike 2-1: Grounds into double play, 4-6-3 (Groundball, 4, EV 85.6 MPH)
|
| Bottom of the 3rd over - 0 runs, 0 hits, 0 errors, 0 left on base; Salt Lake 0 - Rochester 1 |
| TOP OF THE 4TH |
|
Salt Lake Bees batting - Pitching for Rochester Red Wings : RHP Alfonso Alvarado
|
|
Batting: SHB Butch Brown
|
0-0: Ball 1-0: Called Strike 1-1: Foul Ball, location: 2F 1-2: Ball 2-2: Ball 3-2: Base on Balls
|
|
Batting: RHB Melvin Gomez
|
0-0: Ball 1-0: Called Strike 1-1: Foul Ball, location: 2F 1-2: Ball 2-2: Ball 3-2: Base on Balls Butch Brown to second
|
|
Batting: LHB Rusty Ney
|
0-0: Foul Ball, location: 2F 0-1: Foul Ball, location: 2F 0-2: Ball 1-2: Ball 2-2: Ball 3-2: Fielders Choice at 2nd, 3-6 (Groundball, 34S, EV 92.5 MPH) Butch Brown to third
|
|
Batting: RHB Andres Mendiola
|
0-0: Called Strike 0-1: Ball 1-1: Ball 2-1: Ball 3-1: Swinging Strike 3-2: Foul Ball, location: 2F 3-2: Foul Ball, location: 2F 3-2: Foul Ball, location: 2F 3-2: Strikes out swinging
|
|
Batting: LHB Micah Miller
|
0-0: Ball 1-0: TRIPLE (Flyball, 8RXD, EV 101.2 MPH) Butch Brown scores Rusty Ney scores
|
|
Batting: RHB Justin Lauderdale
|
0-0: Called Strike 0-1: Ground out U3 (Groundball, 3, EV 76.2 MPH)
|
| Top of the 4th over - 2 runs, 1 hit, 0 errors, 1 left on base; Salt Lake 2 - Rochester 1 |
| BOTTOM OF THE 4TH |
|
Rochester Red Wings batting - Pitching for Salt Lake Bees : RHP Allen Weaver
|
|
Batting: RHB Yonetoshi Muranaka
|
0-0: Called Strike 0-1: Ball 1-1: Foul Ball, location: 2F 1-2: Strikes out swinging
|
|
Batting: RHB Josh Zoglmann
|
0-0: Ball 1-0: Ball 2-0: Ball 3-0: Called Strike 3-1: Swinging Strike 3-2: Foul Ball, location: 2F 3-2: SINGLE (Flyball, 89S, EV 88.1 MPH)
|
|
Batting: RHB Aaron Trotman
|
0-0: Ball 1-0: Foul Ball, location: 2F 1-1: Ball Josh Zoglmann steals 2nd base 2-1: SINGLE (Groundball, 56D, EV 96.9 MPH) Josh Zoglmann to third Runner from 3rd tries for Home, SAFE, throw by LF to home
|
|
Batting: RHB Adam Noyes
|
0-0: Foul Ball, location: 2F 0-1: Foul Ball, location: 2F 0-2: SINGLE (Groundball, 34S, EV 73.8 MPH) (infield hit) Aaron Trotman to second
|
|
Batting: RHB Bobby Blanchard
|
0-0: Fielders Choice at 2nd, 6-4 (Groundball, 6M, EV 108.1 MPH) Aaron Trotman to third
|
|
Batting: RHB Alex Sandoval
|
0-0: SINGLE (Groundball, 6D, EV 103.8 MPH) Aaron Trotman scores Bobby Blanchard to second Runner from 2nd tries for 3rd, SAFE, no throw by CF
|
|
Batting: RHB Väinö Tapaninen
|
0-0: Ball 1-0: Called Strike 1-1: Ground out 6-3 (Groundball, 6S, EV 85.0 MPH)
|
| Bottom of the 4th over - 2 runs, 4 hits, 0 errors, 2 left on base; Salt Lake 2 - Rochester 3 |
| TOP OF THE 5TH |
|
Salt Lake Bees batting - Pitching for Rochester Red Wings : RHP Alfonso Alvarado
|
|
Batting: RHB Jonathan Ellis
|
0-0: Called Strike 0-1: Foul Ball, location: 2F 0-2: Foul Ball, location: 2F 0-2: Ball 1-2: Fly out, F9 (Line Drive, 89M, EV 91.9 MPH)
|
|
Batting: RHB Jose Pineda
|
0-0: Called Strike 0-1: Fly out, F8 (Flyball, 8LM, EV 82.5 MPH)
|
|
Batting: LHB Edgar van der Meeren
|
0-0: Called Strike 0-1: Foul Ball, location: 2F 0-2: Ball 1-2: Fly out, F5 (Popup, 5F, EV 63.8 MPH)
|
| Top of the 5th over - 0 runs, 0 hits, 0 errors, 0 left on base; Salt Lake 2 - Rochester 3 |
| BOTTOM OF THE 5TH |
|
Rochester Red Wings batting - Pitching for Salt Lake Bees : RHP Allen Weaver
|
|
Batting: RHB Jimmy Buzard
|
0-0: SINGLE (Groundball, 6MS, EV 68.8 MPH) (infield hit)
|
|
Batting: LHB Yat-sen Zhu
|
0-0: Ball 1-0: Ball 2-0: Ball 3-0: Called Strike 3-1: SINGLE (Groundball, 6MD, EV 97.5 MPH) Jimmy Buzard to second
|
|
Pitching: RHP Tyler Keenan
|
|
|
Batting: RHB Yonetoshi Muranaka
|
0-0: Called Strike 0-1: Foul Ball, location: 2F 0-2: Foul Ball, location: 2F 0-2: Fly out, F7 (Line Drive, 7S, EV 90.0 MPH)
|
|
Batting: RHB Josh Zoglmann
|
0-0: Ball 1-0: Ball 2-0: Swinging Strike 2-1: Swinging Strike 2-2: Strikes out swinging
|
|
Batting: RHB Aaron Trotman
|
0-0: Ball 1-0: Foul Ball, location: 2F 1-1: Foul Ball, location: 2F 1-2: Foul Ball, location: 2F 1-2: Fielders Choice at 2nd, 6-4 (Groundball, 6, EV 88.1 MPH)
|
| Bottom of the 5th over - 0 runs, 2 hits, 0 errors, 2 left on base; Salt Lake 2 - Rochester 3 |
| TOP OF THE 6TH |
|
Salt Lake Bees batting - Pitching for Rochester Red Wings : RHP Alfonso Alvarado
|
|
Batting: SHB Butch Brown
|
0-0: Ball 1-0: Foul Ball, location: 2F 1-1: Foul Ball, location: 2F 1-2: Ball 2-2: Ground out 6-3 (Groundball, 56D, EV 101.9 MPH)
|
|
Batting: RHB Melvin Gomez
|
0-0: Swinging Strike 0-1: Ball 1-1: Ball 2-1: Foul Ball, location: 2F 2-2: Foul Ball, location: 2F 2-2: Ground out 6-3 (Groundball, 6M, EV 80.0 MPH)
|
|
Batting: LHB Rusty Ney
|
0-0: Called Strike 0-1: Ball 1-1: Swinging Strike 1-2: Strikes out looking
|
| Top of the 6th over - 0 runs, 0 hits, 0 errors, 0 left on base; Salt Lake 2 - Rochester 3 |
| BOTTOM OF THE 6TH |
|
Rochester Red Wings batting - Pitching for Salt Lake Bees : RHP Tyler Keenan
|
|
Batting: RHB Adam Noyes
|
0-0: Ball 1-0: Called Strike 1-1: Ball 2-1: Foul Ball, location: 2F 2-2: Ball 3-2: Strikes out swinging
|
|
Batting: RHB Bobby Blanchard
|
0-0: Called Strike 0-1: Ball 1-1: Ball 2-1: Ball 3-1: Called Strike 3-2: Strikes out swinging
|
|
Batting: RHB Alex Sandoval
|
0-0: Ball 1-0: Ball 2-0: Called Strike 2-1: Foul Ball, location: 2F 2-2: Foul Ball, location: 2F 2-2: Foul Ball, location: 2F 2-2: Ground out 6-3 (Groundball, 6, EV 95.0 MPH)
|
| Bottom of the 6th over - 0 runs, 0 hits, 0 errors, 0 left on base; Salt Lake 2 - Rochester 3 |
| TOP OF THE 7TH |
|
Salt Lake Bees batting - Pitching for Rochester Red Wings : RHP Alfonso Alvarado
|
|
Batting: RHB Andres Mendiola
|
0-0: Ball 1-0: Ball 2-0: Ground out 4-3 (Groundball, 4, EV 108.1 MPH)
|
|
Batting: LHB Micah Miller
|
0-0: Ball 1-0: Called Strike 1-1: Ball 2-1: Swinging Strike 2-2: Ball 3-2: Ground out 3-1 (Groundball, 34, EV 84.4 MPH)
|
|
Batting: RHB Justin Lauderdale
|
0-0: Ball 1-0: Called Strike 1-1: Ground out 6-3 (Groundball, 6, EV 101.9 MPH)
|
| Top of the 7th over - 0 runs, 0 hits, 0 errors, 0 left on base; Salt Lake 2 - Rochester 3 |
| BOTTOM OF THE 7TH |
|
Rochester Red Wings batting - Pitching for Salt Lake Bees : RHP Tyler Keenan
|
|
Pitching: RHP Austin Maki
|
|
|
Batting: RHB Väinö Tapaninen
|
0-0: Foul Ball, location: 2F 0-1: Ball 1-1: Ball 2-1: Ground out 5-3 (Groundball, 56S, EV 93.1 MPH)
|
|
Batting: RHB Jimmy Buzard
|
0-0: Called Strike 0-1: Foul Ball, location: 2F 0-2: Ball 1-2: Strikes out swinging
|
|
Batting: LHB Yat-sen Zhu
|
0-0: Foul Ball, location: 2F 0-1: DOUBLE (Line Drive, 5D, EV 95.6 MPH)
|
|
Batting: RHB Yonetoshi Muranaka
|
0-0: Called Strike 0-1: Called Strike 0-2: Foul Ball, location: 2F 0-2: Ground out 5-3 (Groundball, 56, EV 91.9 MPH)
|
| Bottom of the 7th over - 0 runs, 1 hit, 0 errors, 1 left on base; Salt Lake 2 - Rochester 3 |
| TOP OF THE 8TH |
|
Salt Lake Bees batting - Pitching for Rochester Red Wings : RHP Alfonso Alvarado
|
|
Pitching: RHP Zach Snodgrass
|
|
|
Batting: RHB Jonathan Ellis
|
0-0: Ball 1-0: Swinging Strike 1-1: Ball 2-1: Foul Ball, location: 2F 2-2: Strikes out swinging
|
|
Batting: RHB Jose Pineda
|
0-0: Ball 1-0: Ball 2-0: Called Strike 2-1: Ground out 6-3 (Groundball, 6MS, EV 86.9 MPH)
|
|
Batting: LHB Edgar van der Meeren
|
0-0: Ground out 4-3 (Groundball, 34, EV 108.1 MPH)
|
| Top of the 8th over - 0 runs, 0 hits, 0 errors, 0 left on base; Salt Lake 2 - Rochester 3 |
| BOTTOM OF THE 8TH |
|
Rochester Red Wings batting - Pitching for Salt Lake Bees : RHP Austin Maki
|
|
Batting: RHB Josh Zoglmann
|
0-0: Swinging Strike 0-1: Swinging Strike 0-2: Strikes out swinging
|
|
Batting: RHB Aaron Trotman
|
0-0: Ground out 5-3 (Groundball, 15, EV 80.0 MPH)
|
|
Batting: RHB Adam Noyes
|
0-0: Called Strike 0-1: Ball 1-1: Ball 2-1: Foul Ball, location: 2F 2-2: Strikes out swinging
|
| Bottom of the 8th over - 0 runs, 0 hits, 0 errors, 0 left on base; Salt Lake 2 - Rochester 3 |
| TOP OF THE 9TH |
|
Salt Lake Bees batting - Pitching for Rochester Red Wings : RHP Zach Snodgrass
|
|
Pitching: RHP Isaac Slack
|
|
|
Batting: SHB Butch Brown
|
0-0: Ball 1-0: Called Strike 1-1: Foul Ball, location: 2F 1-2: Ball 2-2: Foul Ball, location: 2F 2-2: Strikes out looking
|
|
Batting: RHB Melvin Gomez
|
0-0: Foul Ball, location: 2F 0-1: Ball 1-1: Ball 2-1: Called Strike 2-2: Fly out, F7 (Line Drive, 7, EV 85.0 MPH)
|
|
Batting: LHB Rusty Ney
|
0-0: Called Strike 0-1: Ball 1-1: Ball 2-1: Foul Ball, location: 2F 2-2: Strikes out swinging
|
| Top of the 9th over - 0 runs, 0 hits, 0 errors, 0 left on base; Salt Lake 2 - Rochester 3 |
|